 Dungeon Crawl Stone Soup version 0.27.1-1-g398f81649c (webtiles) character file.

Game seed: 4311495952347768290

93 Kala the Covered (level 4, -2/40 HPs)
             Began as a Minotaur Fighter on Sept 6, 2021.
             Killed by nerve-wracking pain
             ... invoked by an orc priest
              (12 damage)
             ... on level 3 of the Dungeon.
             The game lasted 00:03:43 (2580 turns).

Kala the Covered (Minotaur Fighter)                 Turns: 2580, Time: 00:03:44

Health: -2/40      AC:  7    Str: 22    XL:     4   Next: 36%
Magic:  3/3        EV: 11    Int:  5    God:
Gold:   63         SH:  9    Dex:  9    Spells: 3/3 levels left

rFire    . . .     SeeInvis .   a - +0 flail
rCold    . . .     Faith    .   c - +0 kite shield
rNeg     . . .     Spirit   .   b - +0 scale mail
rPois    +         Reflect  .   (helmet restricted)
rElec    .         Harm     .   (no cloak)
rCorr    .         Rampage  .   (no gloves)
Will     .....                  (no boots)
Stlth    ..........             (no amulet)
HPRegen  0.13/turn              k - ring of poison resistance
MPRegen  0.08/turn              n - +4 ring of evasion

@: no status effects
A: horns 2, retaliatory headbutt
a: no special abilities


You were on level 3 of the Dungeon.
You visited 1 branch of the dungeon, and saw 3 of its levels.

You collected 63 gold pieces.

Inventory:

Hand Weapons
 a - a +0 flail (weapon)
Armour
 b - a +0 scale mail (worn)
 c - a +0 kite shield (worn)
Jewellery
 k - a ring of poison resistance (left hand)
 n - a +4 ring of evasion (right hand)
Scrolls
 e - a scroll of teleportation {unknown}
 f - a scroll of enchant armour {unknown}
 h - a scroll of magic mapping {unknown}
 j - 3 scrolls of identify {unknown}
 m - a scroll of brand weapon {unknown}
Potions
 d - a potion of might
 g - a potion of attraction {unknown}
 i - 2 potions of berserk rage {unknown}
 l - a potion of flight {unknown}
 o - a potion of degeneration {unknown}


   Skills:
 * Level 4.2 Fighting
 * Level 3.7 Maces & Flails
 + Level 4.5 Armour
 + Level 0.6 Dodging
 + Level 4.1 Shields


You had 3 spell levels left.
You didn't know any spells.
Your spell library contained the following spells:

 Spells                   Type           Power      Damage    Failure   Level
 Animate Skeleton         Necr           0%         N/A       99%         1
 Pain                     Necr           0%         1d4       99%         1
 Blink                    Tloc           N/A        N/A       100%        2
 Ensorcelled Hibernation  Hex/Ice        0%         N/A       100%        2
 Lesser Beckoning         Tloc           0%         N/A       100%        3
 Spider Form              Tmut/Pois      0%         N/A       100%        3
 Vampiric Draining        Necr           0%         2d6       100%        3
 Manifold Assault         Tloc           0%         N/A       100%        5
 Shadow Creatures         Summ           N/A        N/A       100%        6


Dungeon Overview and Level Annotations

Branches:
Dungeon (3/15)

Altars:
Dithmenos
Fedhas
Nemelex Xobeh


Innate Abilities, Weirdness & Mutations

You have a pair of horns on your head.
You reflexively headbutt those who attack you in melee.


Message History

The orc shouts!
You block the orc wizard's attack.
You barely miss the orc wizard. Your headbutt misses the orc wizard.
The orc wizard casts a spell at you. You resist with some effort.
The orc closely misses you. You furiously retaliate!
You headbutt the orc!
You kill the orc!
You block the orc wizard's attack.
The orc priest mumbles some strange prayers to Beogh against you.
Beogh smites you!
You are too injured to fight recklessly!
You are too injured to fight recklessly!
You are too injured to fight recklessly!
You are too injured to fight recklessly!
You are too injured to fight recklessly!
You are too injured to fight recklessly!
You are too injured to fight recklessly!
You are too injured to fight recklessly!
You are too injured to fight recklessly!
You are too injured to fight recklessly!
You are too injured to fight recklessly!
You are too injured to fight recklessly!
You are too injured to fight recklessly!
You are too injured to fight recklessly!
You are too injured to fight recklessly!
You are too injured to fight recklessly!
You are too injured to fight recklessly!
You are too injured to fight recklessly!
You are too injured to fight recklessly!
You are too injured to fight recklessly!
You are too injured to fight recklessly!
You are too injured to fight recklessly!
The orc priest invokes the aid of Beogh against you.
Beogh smites you!
* * * LOW HITPOINT WARNING * * *
You sock the orc wizard!
The orc wizard is severely wounded.
The orc priest mumbles some strange prayers to Beogh against you.
Pain shoots through your body!
You die...

.......# #.≈≈≈..........#.# #
...#.#.#### #..≈≈≈≈......#.#.# #
...#.....<# #..≈_.≈......#...# #
...###.####.#.≈≈≈≈≈......##[.# #
...+........#.≈≈≈........##..# +
...###.#########.#.......###.## #
.#...............#.#'#######..###
.#.###.#########.#.#.# #......
.#.# #.# #@################ .#.#
#.# #o.o....... .+.# #..
.......#o).#... .### ###
######.......... .+ ....#...#...#
.# #####......... ... #########
###


You could see an orc priest, an orc wizard and an orc.

Vanquished Creatures
  3 adders
  4 orcs (D:3)
  5 ball pythons
  5 bats
  3 endoplasms
  4 goblins
  5 hobgoblins
  8 jackals
  6 kobolds
  A quokka (D:2)
  5 frilled lizards
  7 rats
56 creatures vanquished.

Notes
Turn   | Place    | Note
-------+----------+-------------------------------------------
     0 | D:1      | Kala the Minotaur Fighter began the quest for the Orb.
     0 | D:1      | Reached XP level 1. HP: 19/19 MP: 0/0
   447 | D:1      | Reached XP level 2. HP: 27/27 MP: 1/1
  1226 | D:2      | Found a faded altar of an unknown god.
  1466 | D:2      | Reached XP level 3. HP: 29/33 MP: 2/2
  1896 | D:2      | Found a sparkling altar of Nemelex Xobeh.
  2355 | D:3      | Reached XP level 4. HP: 38/40 MP: 3/3
  2462 | D:3      | Found a shadowy altar of Dithmenos.
  2563 | D:3      | Found a blossoming altar of Fedhas.
  2580 | D:3      | Killed from afar by an orc priest

Illustrated notes

Levels and vault maps discovered:
D:1:      dpeg_arrival_houses_and_road, layout_basic
D:2:      layout_loops_corners, basic_altar, hellmonk_ecumenical_altar_run_dry
D:3:      layout_basic, lemuel_coloured_pillars_altar,
          nicolae_dithmenos_shadow_blocks, fedhas_altar_2,
          uniq_crazy_yiuf_cottage

Skill      XL: |  1  2  3 |
---------------+----------+-----
Armour         | 4 |  4.5
Fighting       | 4 |  4.2
Shields        | 4 |  4.1
Maces & Flails | 3 |  3.7
Dodging        | |  0.6

Action                   |  1- 3 |  4- 6 || total
-------------------------+-------+-------++-------
Melee: Flail             |   117 |    27 ||   144
       Headbutt          |    14 |     3 ||    17
  Use: Potion            |     1 |       ||     1
Armor: Scale mail        |    81 |    12 ||    93
Dodge: Dodged            |    46 |     8 ||    54
Block: Kite shield       |    74 |    17 ||    91
